 Dungeon Crawl Stone Soup version 0.27.1-2-g3b301248ec (webtiles) character file.

Game seed: 10242119345560948199

22330 Borgoz the Fighter (level 12, -3/81 HPs)
             Began as a Gargoyle Berserker on Sept 26, 2021.
             Was a High Priest of Trog.
             Slain by Rupert (29 damage)
             ... on level 12 of the Dungeon.
             The game lasted 00:15:33 (13380 turns).

Borgoz the Fighter (Gargoyle Berserker)            Turns: 13380, Time: 00:15:34

Health: -3/81      AC: 26    Str: 22    XL:     12   Next: 99%
Magic:  12/12      EV: 15    Int: 13    God:    Trog [*****.]
Gold:   494        SH: 12    Dex: 18    Spells: 11/11 levels left

rFire    + . .     SeeInvis .   m - +0 flail (flame)
rCold    + . .     Faith    .   s - +2 buckler of Yesterday {Fly rC+ Int+4 Slay+3}
rNeg     + + .     Spirit   .   A - +0 scale mail {rF+} rPois āˆž Reflect +
                                M - +2 helmet
rElec    +         Harm     .   l - +1 cloak
rCorr    .         Rampage  .   t - +1 pair of gloves
Will     .....                  (no boots)
Stlth    ..........             x - amulet of reflection
HPRegen  0.23/turn              n - ring of positive energy
MPRegen  0.13/turn              z - +6 ring of dexterity

@: on berserk cooldown, flying, slowed, very slow
A: sickness immunity, AC +8, negative energy resistance 1, electricity
resistance, torment resistance 1, petrification resistance
a: Renounce Religion, Berserk, Trog's Hand, Brothers in Arms


You were on level 12 of the Dungeon.
You worshipped Trog.
Trog was extremely pleased with you.
You visited 1 branch of the dungeon, and saw 12 of its levels.

You collected 612 gold pieces.
You spent 118 gold pieces at shops.

Inventory:

Hand Weapons
 m - a +0 flail of flaming (weapon)
 q - the +3 trident "Ycyuv" {vamp, Int+7 Dex+3}
   (You found it on level 6 of the Dungeon)

   It occasionally heals its wielder for a portion of the damage dealt when it
   wounds a living foe.
   Int:       It affects your intelligence (+7).
   Dex:       It affects your dexterity (+3).
 u - a +4 dire flail
 I - the +11 rapier "Xenkih" {venom, *Noise rC+++ SInv}
   (You found it on level 10 of the Dungeon)

   It poisons the flesh of those it strikes.
   rC:        It renders you almost immune to cold.
   SInv:      It lets you see invisible.
   *Noise:    It may make noises in combat.
 N - the +0 falchion of Action {vorpal, Contam rElec Will+++ Str-2}
   (Trog gifted it to you on level 12 of the Dungeon)

   It inflicts extra damage upon your enemies.
   Str:       It affects your strength (-2).
   rElec:     It insulates you from electricity.
   Contam:    It causes magical contamination when unequipped.
   Will:      It greatly increases your willpower.
Missiles
 B - 2 throwing nets (quivered)
Armour
 l - a +1 cloak (worn)
 s - the +2 buckler of Yesterday (worn) {Fly rC+ Int+4 Slay+3}
   (You found it on level 6 of the Dungeon)

   Int:       It affects your intelligence (+4).
   Slay:      It affects your accuracy & damage with ranged weapons and melee
   (+3).
   rC:        It protects you from cold.
   Fly:       It grants you flight.
 t - a +1 pair of gloves (worn)
 A - a +0 scale mail of fire resistance (worn)
 D - +0 steam dragon scales
 G - a +2 kite shield of reflection
 M - a +2 helmet (worn)
Jewellery
 a - a ring of ice
 n - a ring of positive energy (left hand)
 v - an amulet of the acrobat
 x - an amulet of reflection (around neck)
 z - a +6 ring of dexterity (right hand)
 L - an amulet of faith
Wands
 k - a wand of iceblast (16)
 y - a wand of flame (19)
 J - a wand of charming (9)
Scrolls
 d - 2 scrolls of fog
 e - 3 scrolls of enchant weapon
 f - 8 scrolls of teleportation
 j - a scroll of brand weapon
 w - a scroll of enchant armour
 C - a scroll of holy word
 F - a scroll of magic mapping
 H - 2 scrolls of identify
 K - 2 scrolls of blinking
Potions
 b - a potion of berserk rage
 c - 2 potions of heal wounds
 g - 2 potions of might
 h - 2 potions of haste
 i - a potion of curing
 o - 4 potions of flight
 p - a potion of invisibility
 r - 3 potions of attraction
 E - 2 potions of mutation


   Skills:
 + Level 11.8 Fighting
 + Level 10.9 Maces & Flails
 + Level 11.6 Armour
 + Level 9.1 Dodging
 - Level 4.0 Shields


You had 11 spell levels left.
You didn't know any spells.
Your spell library was empty.

Dungeon Overview and Level Annotations

Branches:
Dungeon (12/15)            Temple (0/1) D:4            Lair (0/6) D:9
    Orc (0/2) D:12

Altars:
Yredelemnul

Shops:
D:9 *?   D:10 ?

Annotations:
D:12 Rupert


Innate Abilities, Weirdness & Mutations

You are immune to sickness and miasma.
Your stone body is resilient. (AC +8)
You are immune to poison.
You resist negative energy. (rN+)
You are resistant to electric shocks. (rElec)
You are resistant to unholy torment.
You are immune to petrification.


Message History

The sticky flame hits you but does no damage.
You are covered in liquid flames!
Rupert hits you with a +0 great mace of holy wrath!!
Your scale mail prevents you from hitting Rupert.
Rupert is severely wounded.
You are covered in liquid flames!
The fire elemental barely misses you. You block Rupert's attack.
You block the deep elf pyromancer's attack.
You closely miss Rupert.
Rupert is severely wounded.
You are covered in liquid flames!
You are no longer on fire.
The acid dragon bites you but does no damage.
The acid dragon claws you.
You thump Rupert! You burn Rupert.
Rupert is almost dead.
Rupert hits you with a +0 great mace of holy wrath!!
You block the fire elemental's attack.
The deep elf pyromancer mumbles some strange words.
You hit Rupert. You burn Rupert.
Rupert is almost dead.
Rupert hits you but does no damage. You block the acid dragon's attack. x2
The fire elemental misses you.
You closely miss Rupert.
Rupert is almost dead.
Rupert barely misses you.
You block the deep elf pyromancer's attack.
The acid dragon spits acid at you. The splash of acid misses you.
You barely miss Rupert.
Rupert is almost dead.
You are no longer berserk.
You are exhausted.
You feel yourself slow down. The fire elemental hits you.
Rupert closely misses you.
You sock Rupert! You burn Rupert.
Rupert is almost dead.
The fire elemental closely misses you.
Rupert hits you with a +0 great mace of holy wrath!!
You die...

#.# #.^....# #.# ##'#####
#.# #....# #.# ####.#
#.## ########.## #..#
#.......... ##.#
#.......<.. ######.###
#.......... #...Ee@..#
#.......... #...ā—‹E@D.#
#......<...
#.....Eā—‹...##..........
#........#.......>.....
#........####..).......
#........# #........(.
####.##### #.......... #.
#.......... ########.##


You could see Rupert (berserk), a deep elf pyromancer, 3 fire elementals and an
acid dragon (catching breath).

Vanquished Creatures
  Nessos (D:12)
  Harold (D:8)
  A centaur warrior (D:10)
  An ogre mage (D:11)
  Erica (D:10)
  Erolcha (D:9)
  5 two-headed ogres
  A tengu warrior (D:10)
  An ugly thing (D:12)
  A manticore (D:12)
  2 kobold demonologists
  A freezing wraith (D:10)
  6 trolls
  Prince Ribbit (D:9)
  3 slime creatures (D:12)
  A wraith (D:10)
  3 wyverns (D:9)
  21 yaks
  2 basilisks
  3 steam dragons
  An acid dragon (D:6)
  2 water moccasins
  12 orc warriors
  2 ice beasts (D:7)
  3 sky beasts
  A black bear (D:8)
  A necrophage (D:4)
  3 ogres (D:12)
  4 centaurs
  A phantom (D:5)
  5 kobold brigands
  Blork the orc (D:5)
  2 bullfrogs (D:9)
  2 scorpions
  A wyvern zombie (D:9)
  6 gnoll sergeants
  2 wyvern skeletons (D:7)
  2 killer bees
  12 wights
  2 howler monkeys
  A bullfrog zombie (D:6)
  2 centaur zombies
  A hound (D:6)
  2 jellies (D:7)
  A centaur skeleton (D:6)
  6 orc priests
  Crazy Yiuf (D:3)
  4 iguanas
  11 orc wizards
  A killer bee zombie (D:9)
  A hound skeleton (D:5)
  2 howler monkey zombies
  14 gnolls
  7 adders
  2 white imps (D:7)
  An adder skeleton (D:4)
  3 dart slugs
  31 orcs
  5 ball pythons
  6 endoplasms
  7 giant cockroaches
  9 goblins
  3 hobgoblins
  6 kobolds
  2 quokkas
  8 bats
  5 frilled lizards
  7 rats
271 creatures vanquished.

Vanquished Creatures (collateral kills)
  A two-headed ogre (D:11)
  3 yaks (D:11)
4 creatures vanquished.

Vanquished Creatures (others)
  An orc wizard (D:9)
1 creature vanquished.

Grand Total: 276 creatures vanquished

Notes
Turn   | Place    | Note
-------+----------+-------------------------------------------
     0 | D:1      | Borgoz the Gargoyle Berserker began the quest for the Orb.
     0 | D:1      | Reached XP level 1. HP: 14/14 MP: 1/1
   302 | D:1      | Reached XP level 2. HP: 19/19 MP: 2/2
   763 | D:1      | Found a faded altar of an unknown god.
   999 | D:2      | Reached XP level 3. HP: 19/24 MP: 3/3
  1570 | D:2      | Reached ** piety under Trog
  2085 | D:3      | Reached XP level 4. HP: 25/29 MP: 4/4
  2899 | D:3      | Found a runed translucent door.
  2900 | D:3      | Noticed Crazy Yiuf
  2970 | D:3      | Killed Crazy Yiuf
  2971 | D:3      | Reached XP level 5. HP: 33/33 MP: 5/5
  3029 | D:4      | Found a staircase to the Ecumenical Temple.
  3041 | D:4      | Noticed a necrophage
  3051 | D:4      | Killed a necrophage
  3052 | D:4      | Reached XP level 6. HP: 31/39 MP: 6/6
  3754 | D:4      | Noticed a water moccasin
  3760 | D:4      | Killed a water moccasin
  3761 | D:4      | Reached skill level 5 in Fighting
  3761 | D:4      | Reached XP level 7. HP: 44/44 MP: 7/7
  3831 | D:5      | Entered Level 5 of the Dungeon
  4305 | D:5      | Reached skill level 5 in Maces & Flails
  4328 | D:5      | Noticed Blork the orc
  4344 | D:5      | Killed Blork the orc
  4538 | D:5      | Reached skill level 5 in Armour
  4549 | D:5      | Reached *** piety under Trog
  4713 | D:5      | Reached XP level 8. HP: 51/51 MP: 8/8
  5083 | D:6      | Identified the +3 trident "Ycyuv" {vamp, Int+7 Dex+3}
  5434 | D:6      | Identified the +2 buckler of Yesterday {Fly rC+ Int+4
                  | Slay+3}
  5944 | D:7      | Reached skill level 1 in Shields
  6371 | D:7      | Reached XP level 9. HP: 48/56 MP: 9/9
  6481 | D:7      | Reached skill level 5 in Dodging
  7710 | D:8      | Noticed Harold
  7723 | D:8      | Killed Harold
  7723 | D:8      | Reached **** piety under Trog
  7724 | D:8      | Reached XP level 10. HP: 49/64 MP: 10/10
  8229 | D:9      | Noticed a kobold demonologist
  8419 | D:8      | Noticed an orange demon
  8421 | D:8      | Killed a kobold demonologist
  8721 | D:9      | Noticed a two-headed ogre
  8734 | D:9      | Killed a two-headed ogre
  9150 | D:9      | Found Ewaunu Fav's Magic Scroll Shop.
  9156 | D:9      | Bought a scroll of identify for 26 gold pieces
  9156 | D:9      | Bought a scroll of identify for 26 gold pieces
  9156 | D:9      | Bought a scroll of identify for 26 gold pieces
  9166 | D:9      | Noticed Prince Ribbit
  9187 | D:9      | Killed Prince Ribbit
  9251 | D:9      | Found Jayckula's Gadget Gallery.
  9526 | D:9      | Reached XP level 11. HP: 65/71 MP: 11/11
  9634 | D:9      | Noticed Erolcha
  9648 | D:9      | Killed Erolcha
  9692 | D:9      | Found a staircase to the Lair.
 10188 | D:10     | Entered Level 10 of the Dungeon
 10257 | D:10     | Noticed a centaur warrior
 10266 | D:10     | Killed a centaur warrior
 10267 | D:10     | Reached skill level 10 in Fighting
 10387 | D:10     | Found a basalt altar of Yredelemnul.
 10428 | D:10     | Found Dupneh's Magic Scroll Emporium.
 10434 | D:10     | Bought a scroll of identify for 20 gold pieces
 10434 | D:10     | Bought a scroll of identify for 20 gold pieces
 10448 | D:10     | Noticed Erica
 10460 | D:10     | Killed Erica
 10460 | D:10     | Reached ***** piety under Trog
 10629 | D:10     | Reached skill level 10 in Armour
 10751 | D:10     | Noticed a tengu warrior
 10768 | D:10     | Killed a tengu warrior
 10843 | D:10     | Identified the +11 rapier "Xenkih" {venom, *Noise rC+++
                  | SInv}
 11049 | D:11     | Noticed a two-headed ogre
 11054 | D:11     | Noticed a two-headed ogre
 11055 | D:11     | Killed a two-headed ogre
 11062 | D:11     | Noticed a two-headed ogre
 11065 | D:11     | Killed a two-headed ogre
 11070 | D:11     | Reached XP level 12. HP: 33/79 MP: 12/12
 11360 | D:10     | Killed a two-headed ogre
 11361 | D:10     | Reached skill level 10 in Maces & Flails
 11874 | D:11     | Noticed an ogre mage
 11889 | D:11     | Killed an ogre mage
 12026 | D:11     | Noticed a two-headed ogre
 12036 | D:11     | Killed a two-headed ogre
 12383 | D:12     | Noticed Nessos
 12474 | D:12     | Killed Nessos
 12745 | D:12     | Found a staircase to the Orcish Mines.
 12754 | D:12     | Identified the +0 falchion of Action {vorpal, Contam rElec
                  | Will+++ Str-2} (Trog gifted it to you on level 12 of the
                  | Dungeon)
 12754 | D:12     | Received a gift from Trog
 12962 | D:12     | Noticed a two-headed ogre
 12971 | D:12     | Killed a two-headed ogre
 13359 | D:12     | Noticed Rupert
 13380 | D:12     | Slain by Rupert

Illustrated notes

Levels and vault maps discovered:
D:1:      dpeg_arrival_tiny_i, layout_basic,
          shapermc_ecumenical_altar_acropolis, minmay_strange_pillars,
          bh_walls_and_bars
D:2:      layout_basic
D:3:      layout_basic, minmay_fractal_squares_diagonal_5,
          uniq_crazy_yiuf_cottage
D:4:      layout_rooms, minmay_temple_entry_wispy
D:5:      layout_basic, uniq_blork_the_orc
D:6:      layout_cave_pods
D:7:      minmay_octagon_keep, layout_gridville, serial_park_tiny_pond,
          chequers_arboretum, kennysheep_small_square
D:8:      layout_gridville, uniq_harold
D:9:      minmay_s_stair_smasher, layout_loops_ring, erik_lair_dragon,
          serial_shops, kennysheep_little_box, nicolae_shop_gadgets,
          uniq_erolcha, uniq_prince_ribbit1
D:10:     layout_roguey, mainiacjoe_overflow_boulevard, serial_shops,
          nicolae_shop_temple_entry_statues_fountains, uniq_erica
D:11:     layout_cave_pools, minmay_radiant
D:12:     layout_roguey, kennysheep_orc_monster_closet_entryway, minmay_holes,
          uniq_nessos, uniq_rupert, uniq_josephine

Skill      XL: |  1  2  3  4  5  6  7  8  9 10 11 12 |
---------------+-------------------------------------+-----
Dodging        | 2 3 4 5 6 8 9 |  9.1
Armour         | 3 4 5 6 7 9 10 11 | 11.6
Fighting       | 4 5 6 8 9 10 11 | 11.8
Maces & Flails | 4 5 6 7 8 9 10 | 10.9
Shields        | 2 4 |  4.0

Action                   |  1- 3 |  4- 6 |  7- 9 | 10-12 || total
-------------------------+-------+-------+-------+-------++-------
Melee: Mace              |   107 |    99 |       |       ||   206
       Flail             |       |    33 |   302 |   511 ||   846
Throw: Throwing net      |       |       |       |     1 ||     1
Invok: Berserk           |       |     4 |     7 |    18 ||    29
       Brothers in Arms  |       |       |       |     1 ||     1
       Trog's Hand       |       |       |       |     2 ||     2
Evoke: Wand              |       |     2 |     4 |     1 ||     7
  Use: Scroll            |       |     9 |     5 |     8 ||    22
       Potion            |       |       |       |     1 ||     1
Armor: Animal skin       |    32 |       |       |       ||    32
       Ring mail         |    18 |    71 |   182 |       ||   271
       Scale mail        |       |       |       |   127 ||   127
       Steam dragon scal |       |       |       |    77 ||    77
Dodge: Dodged            |    64 |    95 |   181 |   280 ||   620
Block: Buckler           |       |       |    90 |   348 ||   438
       Reflection        |       |       |     2 |     9 ||    11
